 Dungeon Crawl Stone Soup version 0.27.1-34-g3ba077fa99 (webtiles) character file.

Game seed: 17431266624467806823

62 zeram the Shield-Bearer (level 4, -5/28 HPs)
             Began as a Gargoyle Fighter on Jan 20, 2022.
             Slain by a black bear (11 damage)
             ... on level 3 of the Dungeon.
             The game lasted 00:01:49 (1610 turns).

zeram the Shield-Bearer (Gargoyle Fighter)          Turns: 1610, Time: 00:01:49

Health: -5/28      AC: 13    Str: 20    XL:     4   Next: 8%
Magic:  4/4        EV:  7    Int:  9    God:
Gold:   117        SH:  9    Dex:  9    Spells: 3/3 levels left

rFire    . . .     SeeInvis .   a - +0 flail
rCold    . . .     Faith    .   c - +0 kite shield
rNeg     + . .     Spirit   .   b - +0 scale mail
rPois    ∞         Reflect  .   (no helmet)
rElec    +         Harm     .   (no cloak)
rCorr    .         Rampage  .   g - +2 pair of gloves
Will     .....                  (no boots)
Stlth    ..........             (no amulet)
HPRegen  0.09/turn              (no ring)
MPRegen  0.09/turn              (no ring)

@: mighty
A: sickness immunity, AC +3, negative energy resistance 1, electricity
resistance, torment resistance 1, petrification resistance
a: no special abilities


You were on level 3 of the Dungeon.
You visited 1 branch of the dungeon, and saw 3 of its levels.

You collected 117 gold pieces.

Inventory:

Hand Weapons
 a - a +0 flail (weapon)
Missiles
 i - 7 poisoned darts (quivered)
Armour
 b - a +0 scale mail (worn)
 c - a +0 kite shield (worn)
 g - a +2 pair of gloves (worn)
Wands
 d - a wand of charming (6)
Scrolls
 j - a scroll of fog {unknown}
 k - a scroll of fear {unknown}
Potions
 f - a potion of magic
 l - a potion of haste


   Skills:
 + Level 3.6 Fighting
 + Level 2.7 Maces & Flails
 + Level 3.8 Armour
 + Level 0.4 Dodging
 + Level 3.9 Shields


You had 3 spell levels left.
You didn't know any spells.
Your spell library contained the following spells:

 Spells                   Type           Power      Damage    Failure   Level
 Ignite Poison            Fire/Tmut/Pois 0%         N/A       100%        3
 Mephitic Cloud           Conj/Pois/Air  0%         N/A       100%        3
 Bolt of Magma            Conj/Fire/Erth 0%         4d4       100%        5


Dungeon Overview and Level Annotations

Branches:
Dungeon (3/15)

Altars:


Innate Abilities, Weirdness & Mutations

You are immune to sickness and miasma.
Your stone body is resilient. (AC +3)
You are immune to poison.
You resist negative energy. (rN+)
You are resistant to electric shocks. (rElec)
You are resistant to unholy torment.
You are immune to petrification.


Message History

You now have 117 gold pieces (gained 12).
A black bear comes into view.
The black bear growls angrily.
A black bear is nearby!
A black bear is nearby!
A black bear is nearby!
The black bear bites you but does no damage.
The black bear claws you but does no damage.
You block the black bear's attack.
You closely miss the black bear.
The black bear bites you but does no damage.
The black bear barely misses you. You block the black bear's attack.
You closely miss the black bear. You block the black bear's attack.
The black bear claws you but does no damage.
You block the black bear's attack. The black bear barely misses you.
The black bear claws you but does no damage.
The black bear barely misses you.
You bludgeon the black bear!!
The black bear is severely wounded.
The black bear goes berserk!
Your shield prevents you from hitting the black bear.
The black bear is severely wounded.
The black bear bites you. The black bear claws you.
The black bear barely misses you. The black bear bites you.
You block the black bear's attack.
The black bear claws you but does no damage.
You block the black bear's attack. The black bear closely misses you.
You block the black bear's attack.
You barely miss the black bear.
The black bear is severely wounded.
The black bear bites you. You block the black bear's attack.
The black bear claws you. The black bear bites you.
* * * LOW HITPOINT WARNING * * *
The black bear claws you.
* * * LOW HITPOINT WARNING * * *
The black bear claws you but does no damage.
You sock the black bear!
The black bear is almost dead.
The black bear bites you!
You die...

# ### ... #..
.....###### #.#
......h@..# #.#
......###.# ######'#
..... #.# #.......
..##
#.#######....... .
#.......#.......
#.......#.......
#.......#......#
#####.......#.######
............#.#


You could see a black bear (berserk).

Vanquished Creatures
  Ijyb (D:3)
  An adder (D:2)
  A worm (D:2)
  An orc (D:3)
  2 endoplasms
  4 goblins
  2 hobgoblins (D:1)
  A kobold (D:2)
  4 quokkas
  2 ball pythons
  2 frilled lizards (D:2)
  4 rats
25 creatures vanquished.

Notes
Turn   | Place    | Note
-------+----------+-------------------------------------------
     0 | D:1      | zeram the Gargoyle Fighter began the quest for the Orb.
     0 | D:1      | Reached XP level 1. HP: 14/14 MP: 1/1
   219 | D:1      | Found a faded altar of an unknown god.
   486 | D:1      | Reached XP level 2. HP: 19/19 MP: 2/2
  1205 | D:2      | Reached XP level 3. HP: 23/23 MP: 3/3
  1560 | D:3      | Noticed Ijyb
  1578 | D:3      | Killed Ijyb
  1579 | D:3      | Reached XP level 4. HP: 28/28 MP: 4/4
  1602 | D:3      | Noticed a black bear
  1610 | D:3      | Slain by a black bear

Illustrated notes

Levels and vault maps discovered:
D:1:      lightli_molten_gateway, layout_basic,
          chequers_ecumenical_altar_twisty, chequers_serial_rivers_small_3
D:2:      layout_rooms
D:3:      minmay_wonky_spiral, layout_basic,
          yredelemnul_forgotten_temple_becter, uniq_ijyb, uniq_natasha,
          uniq_crazy_yiuf_cottage

Action                   |  1- 3 |  4- 6 || total
-------------------------+-------+-------++-------
Melee: Flail             |    88 |    11 ||    99
  Use: Scroll            |     3 |       ||     3
       Potion            |     2 |       ||     2
Armor: Scale mail        |    63 |     9 ||    72
Dodge: Dodged            |    37 |     7 ||    44
Block: Kite shield       |    48 |    10 ||    58
